 Dungeon Crawl Stone Soup version 0.25-b1-50-g7b83aa72e5 (webtiles) character file.

Game seed: 12384604798426054846

42369 HiStorm4nn the Jinx (level 13, -8/60 HPs)
             Began as a Felid Conjurer on June 11, 2020.
             Was an Elder of Sif Muna.
             Mangled by a catoblepas (11 damage)
             ... while petrified by you
             ... on level 14 of the Dungeon on June 12, 2020.
             The game lasted 06:01:38 (51771 turns).

HiStorm4nn the Jinx (Felid Conjurer)               Turns: 51771, Time: 06:01:38

Health: -8/60      AC:  3    Str:  4    XL:     13   Next: 85%
Magic:  24/24      EV:  4    Int: 21    God:    Sif Muna [****..]
Gold:   458        SH:  0    Dex: 22    Spells: 2/26 levels left
                                        Lives:  0   Deaths: 4

rFire    + . .     SeeInvis +   (weapon unavailable)
rCold    + . .     Gourm    .   (shield unavailable)
rNeg     + + +     Faith    .   (armour unavailable)
rPois    ∞         Spirit   .   (helmet unavailable)
rElec    +         Reflect  .   (cloak unavailable)
rCorr    .         Harm     .   (gloves unavailable)
MR       ++...                  (boots unavailable)
Stlth    ++++......             (no amulet)
HPRegen  0.20/turn              O - ring of Damysche {+Fly rF+ MR+ Dex+5}
MPRegen  0.19/turn              m - ring of wizardry

@: petrified, quick
A: very small, no armour, no weapons or thrown items, stealth, antennae 1, claws
1, fangs 3, see invisible, carnivore, speed 1, shaggy fur 3, electricity
resistance, slow metabolism 1, sharp paws
a: Channel Magic, Forget Spell, Divine Exegesis, Renounce Religion, Evoke Flight


You were on level 14 of the Dungeon.
You worshipped Sif Muna.
Sif Muna was greatly pleased with you.
You were not hungry.

You visited 5 branches of the dungeon, and saw 24 of its levels.

You collected 2051 gold pieces.
You spent 1593 gold pieces at shops.

Inventory:

Missiles
 t - 36 stones
Jewellery
 a - a +4 ring of evasion
 g - an uncursed ring of flight
 m - a ring of wizardry (right paw)
 p - an uncursed ring of positive energy
 A - an uncursed ring of protection from fire
 O - the ring of Damysche (left paw) {+Fly rF+ MR+ Dex+5}
   (You found it on level 11 of the Dungeon)

   [ring of flight]

   It affects your dexterity (+5).
   It protects you from fire.
   It affects your resistance to hostile enchantments.
   It lets you fly.
Wands
 e - a wand of paralysis (5)
 j - a wand of clouds (7)
 k - a wand of acid (24)
 y - a wand of disintegration (22)
 C - a wand of flame (16)
 E - a wand of enslavement (14)
 G - a wand of iceblast (7)
 K - a wand of digging (9)
 M - a wand of polymorph (13)
Scrolls
 n - 11 scrolls of teleportation
 o - 8 scrolls of amnesia
 u - 9 scrolls of remove curse
 v - a scroll of immolation {unknown}
 w - a scroll of magic mapping
 x - 4 scrolls of fog
 z - 2 scrolls of summoning {unknown}
 H - 8 scrolls of identify
 I - a scroll of fear {unknown}
 J - a scroll of holy word {unknown}
 L - a scroll of vulnerability {unknown}
 N - a scroll of torment {unknown}
Potions
 c - 4 potions of berserk rage
 f - a potion of cancellation
 i - 3 potions of haste
 l - 2 potions of flight
 q - 3 potions of stabbing
 r - 5 potions of brilliance
 B - 2 potions of might
Miscellaneous
 d - a tin of tremorstones (3/3)
 h - a phial of floods
 s - a phial of floods
Comestibles
 b - 49 rations


   Skills:
 - Level 9.0 Fighting
 + Level 11.0 Dodging
 - Level 7.0 Stealth
 + Level 7.0 Spellcasting
 - Level 10.0 Conjurations
 - Level 14.8 Hexes
 + Level 0.4 Summonings
 - Level 14.0 Translocations
 * Level 6.0 Earth Magic
 - Level 10.0 Invocations
 - Level 10.0 Evocations


You had 2 spell levels left.
You knew the following spells:

 Your Spells              Type           Power        Failure   Level  Hunger
a - Magic Dart            Conj           ####         1%          1    None
b - Searing Ray           Conj           #####.       1%          2    None
c - Dazzling Flash        Conj/Hex       ######       1%          3    #......
d - Iskenderun's Mystic   Conj/Tloc      ######..     1%          4    ###....
e - Fulminant Prism       Conj/Hex       ######....   1%          4    ###....
f - Summon Guardian Gole  Hex/Summ       #####...     1%          3    #......
g - Ensorcelled Hibernat  Hex/Ice        #####.       1%          2    None
h - Lee's Rapid Deconstr  Erth           ####......   9%          5    #####..

Your spell library contained the following spells:

 Spells                   Type           Power        Failure   Level  Hunger
 Corona                   Hex            ######.      0%          1    None
 Passwall                 Tmut/Erth      ###.....     1%          2    None
 Slow                     Hex            ######..     1%          2    None
 Animate Skeleton         Necr           N/A          3%          1    None
 Freeze                   Ice            #...         3%          1    None
 Pain                     Necr           #...         3%          1    None
 Summon Butterflies       Summ           #.......     3%          1    None
 Summon Small Mammal      Summ           #...         3%          1    None
 Call Imp                 Summ           #.......     4%          2    None
 Swiftness                Chrm/Air       #.......     5%          2    None
 Confusing Touch          Hex            ######..     1%          3    #......
 Conjure Flame            Conj/Fire      ####....     1%          3    #......
 Inner Flame              Hex/Fire       #####...     1%          3    #......
 Cause Fear               Hex            ######....   1%          4    ###....
 Leda's Liquefaction      Hex/Erth       ######....   1%          4    ###....
 Passage of Golubria      Tloc           N/A          1%          4    ###....
 Darkness                 Hex            ######....   1%          6    ######.
 Invisibility             Hex            ######..     1%          6    ######.
 Sticky Flame             Conj/Fire      ####....     4%          4    ###....
 Call Canine Familiar     Summ           #.......     9%          3    #......
 Ozocubu's Armour         Chrm/Ice       #.......     11%         3    #......
 Spider Form              Tmut/Pois      #.........   11%         3    #......
 Vampiric Draining        Necr           #.........   11%         3    #......
 Fireball                 Conj/Fire      ####......   12%         5    #####..
 Iskenderun's Battlesphe  Conj/Chrm      ####....     12%         5    #####..
 Summon Ice Beast         Ice/Summ       #.......     30%         4    ###....
 Summon Lightning Spire   Summ/Air       #.......     30%         4    ###....
 Animate Dead             Necr           N/A          32%         4    ###....
 Ice Form                 Ice/Tmut       #.......     32%         4    ###....
 Discord                  Hex            ######....   45%         8    #######
 Starburst                Conj/Fire      ####......   52%         6    ######.
 Agony                    Necr           #.......     65%         5    #####..
 Eringya's Noxious Bog    Tmut/Pois      #.........   99%         6    ######.
 Ring of Flames           Chrm/Fire      #.........   100%        7    #######
 Portal Projectile        Hex/Tloc       Unusable     N/A         3    N/A
 Excruciating Wounds      Chrm/Necr      Unusable     N/A         5    N/A

Dungeon Overview and Level Annotations

Branches:
Dungeon (14/15)            Temple (0/1) D:7            Lair (6/6) D:10
 Shoals (1/4) Lair:2        Snake (1/4) Lair:2        Slime (0/5) Lair:5
    Orc (2/2) D:12            Elf (0/3) Orc:2
 Vaults: D:13-14

Altars:
Ashenzari
Cheibriados
Fedhas
Gozag
Hepliaklqana
Kikubaaqudgha
Makhleb
Nemelex Xobeh
Ru
Sif Muna
Vehumet
Xom
Yredelemnul
Zin
The Shining One
Beogh
Jiyva

Shops:
D:9 [**   D:10 ?(!   D:14 !:   Orc:2 ?:[:

Annotations:
Lair:5 25 exclusions


Innate Abilities, Weirdness & Mutations

You cannot wear armour.
You are incapable of wielding weapons or throwing items.
Your paws allow you to move quietly. (Stealth)
You have sharp claws.
You have razor-sharp teeth.
You have supernaturally acute eyesight. (SInv)
You are carnivorous and can eat meat at any time.
You cover ground quickly.
Your thick and shaggy fur keeps you warm. (AC +3, rC+)
You have a slow metabolism.
Your sharp claws are effective at attacking unaware monsters.
You have a pair of small antennae on your head.
You are resistant to electric shocks. (rElec)


Message History

Casting: Searing Ray (safe; 1% risk of failure)
Confirm with . or Enter, or press ? or * to list all spells.
You erupt in a blast of force!
The mystic blast hits the catoblepas!
The catoblepas is almost dead.
The catoblepas is knocked back by the mystic blast.
You are engulfed in calcifying dust.
You have turned to stone.
The catoblepas breathes a plume of calcifying dust at you.
The blast of calcifying dust hits you!
You are engulfed in calcifying dust.
The catoblepas gores you!
You are engulfed in calcifying dust.
You feel less invigorated.
The catoblepas breathes a plume of calcifying dust at you.
The blast of calcifying dust hits you.
You are engulfed in calcifying dust.
The catoblepas gores you!
You are engulfed in calcifying dust.
The catoblepas gores you!!
* * * LOW HITPOINT WARNING * * *
You are engulfed in calcifying dust.
The catoblepas completely misses you.
You are engulfed in calcifying dust.
The catoblepas gores you!
* * * LOW HITPOINT WARNING * * *
The catoblepas gores you!!
You die...

.......# #....'..#
∩......# #....#..#
.##...## ####....####
.##...#####....####..#
..........'....#.....#
..........#....#.....#
..........#....#.....#
..........#....#)....#
..........#....#@....#
.#######+##....#Y##..#
.### #...........#..#
...# #...........#..#
<..# #...........#..#
#######...........##+##
...........####+#.....#
...........+..Y.#.....#
...........#....'.....#


You could see a catoblepas.

Vanquished Creatures
  Jorgrun (Orc:1)
  Donald (Orc:2)
  Kirke (Lair:5)
  A dire elephant (Lair:6)
  Snorg (Lair:5)
  4 hydras
  Harold (D:8)
  The ghost of gruber the Blocker, a journeyman VSFi of Okawaru (D:12)
  2 ogre magi (Orc:2)
  An anaconda (Lair:6)
  Erica (D:8)
  4 two-headed ogres
  A dancing weapon (D:12)
  An orc high priest (Orc:2)
  Nergalle (Orc:2)
  The ghost of HiStorm4nn the Ducker, a novice OpAs of Dithmenos (D:9)
  3 unseen horrors
  A wizard (D:14)
  Pikel (D:7)
  An orc knight (Orc:1)
  9 orc sorcerers
  5 ugly things
  A wolf spider (D:9)
  4 cyclopes
  A moth of wrath (D:9)
  A manticore (D:11)
  9 elephants
  Maurice (Orc:1)
  A merfolk siren (Lair:2)
  2 centaur zombies (D:13)
  5 spiny frogs
  3 black mambas
  2 rime drakes
  10 komodo dragons
  An efreet (D:13)
  A troll (Orc:2)
  A queen bee (D:10)
  2 polar bears
  4 slime creatures (D:12)
  Prince Ribbit (D:8)
  19 blink frogs
  12 hippogriffs
  Sigmund (D:6)
  2 shadows
  2 wraiths
  6 fire bats
  2 wyverns
  A redback (D:9)
  A vampire (D:14)
  3 basilisks
  10 hogs
  60 yaks
  2 humans
  5 vampire mosquitoes (D:12)
  3 hungry ghosts
  A steam dragon (D:10)
  2 wargs (Orc:2)
  A soldier ant (D:9)
  2 nagas (Lair:2)
  13 water moccasins
  3 slaves
  13 porcupines
  4 ice beasts
  22 orc warriors
  3 sky beasts
  A black bear (D:6)
  2 necrophages
  A phantom (D:6)
  13 ogres
  16 wolves
  13 crocodiles
  20 bullfrogs
  6 big kobolds
  A wyvern zombie (D:7)
  5 scorpions
  44 killer bees
  5 wights (D:13)
  An electric eel (Lair:5)
  6 howler monkeys
  4 jellies
  A lava snake (Lair:5)
  6 crimson imps
  2 quasits
  2 bullfrog zombies
  7 hounds
  4 bullfrog skeletons
  3 centaur skeletons
  14 orc priests
  45 orc wizards
  11 iguanas
  8 worker ants
  2 hound skeletons
  A howler monkey zombie (D:7)
  4 worker ant zombies
  6 gnolls
  15 adders
  5 shadow imps
  3 oozes (D:2)
  2 adder zombies
  2 adder skeletons
  2 worms (D:2)
  3 dart slugs (D:2)
  4 leopard geckos
  80 orcs
  3 ball pythons
  3 giant cockroaches
  11 goblins
  11 hobgoblins
  14 jackals
  24 kobolds
  4 bats
  5 frilled lizards
  A kobold zombie (D:3)
  7 rats
  5 fungi (Lair:5)
  2 plants (Lair:6)
746 creatures vanquished.

Vanquished Creatures (collateral kills)
  An elephant (Lair:4)
1 creature vanquished.

Vanquished Creatures (others)
  A vault guard (D:14)
  Ijyb (D:4)
  An orc wizard (D:6)
  An orc (Orc:1)
  A bush (D:10)
  242 fulminant prisms
  35 fungi
  45 plants
327 creatures vanquished.

Grand Total: 1074 creatures vanquished

Notes
Turn   | Place    | Note
-------+----------+-------------------------------------------
     0 | D:1      | HiStorm4nn the Felid Conjurer began the quest for the Orb.
     0 | D:1      | Reached XP level 1. HP: 7/7 MP: 4/4
   702 | D:1      | Reached XP level 2. HP: 11/11 MP: 1/6
   706 | D:1      | Learned a level 2 spell: Searing Ray
  1269 | D:2      | Reached XP level 3. HP: 14/14 MP: 4/7
  1312 | D:2      | Learned a level 3 spell: Dazzling Flash
  1527 | D:2      | Reached skill level 1 in Hexes
  2061 | D:2      | Reached XP level 4. HP: 18/18 MP: 5/8
  2368 | D:2      | Reached skill level 5 in Conjurations
  2871 | D:3      | Found a runed translucent door.
  2871 | D:3      | Noticed a human
  2874 | D:3      | Found a basalt altar of Yredelemnul.
  3279 | D:3      | Found a faded altar of an unknown god.
  3820 | D:4      | Reached XP level 5. HP: 21/21 MP: 0/9
  4428 | D:4      | Gained mutation: You are covered in thick fur. (AC +2)
                  | [Felid growth]
  4428 | D:4      | Reached XP level 6. HP: 24/24 MP: 2/10
  5021 | D:4      | Reached skill level 5 in Hexes
  5343 | D:5      | Entered Level 5 of the Dungeon
  5343 | D:5      | Noticed a sky beast
  5481 | D:5      | Noticed a sky beast
  5579 | D:5      | Noticed Ijyb
  5644 | D:5      | Reached XP level 7. HP: 27/27 MP: 8/11
  5774 | D:4      | Killed Ijyb
  6515 | D:5      | Learned a level 4 spell: Iskenderun's Mystic Blast
  6581 | D:5      | Found a sparkling altar of Nemelex Xobeh.
  6723 | D:5      | Reached skill level 1 in Translocations
  7288 | D:5      | Reached skill level 5 in Stealth
  7288 | D:5      | Reached XP level 8. HP: 23/31 MP: 2/12
  7328 | D:5      | Reached skill level 5 in Dodging
  7566 | D:6      | Noticed Sigmund
  7589 | D:6      | Killed Sigmund
  7589 | D:6      | Reached skill level 5 in Translocations
  7950 | D:6      | Learned a level 4 spell: Fulminant Prism
  8065 | D:6      | Found a glowing silver altar of Zin.
  8505 | D:6      | Found a shimmering blue altar of Sif Muna.
  8535 | D:6      | Reached XP level 9. HP: 21/34 MP: 1/16
  8813 | D:6      | Became a worshipper of Sif Muna the Loreminder
  8971 | D:7      | Noticed Pikel
  9266 | D:6      | Mangled by an orc warrior
  9267 | D:6      | Reached XP level 8. HP: -9/31 MP: 0/15
  9755 | D:7      | Found a shattered altar of Ashenzari.
  9755 | D:7      | Found a sacrificial altar of Ru.
 11238 | D:7      | Found a staircase to the Ecumenical Temple.
 11240 | D:7      | Identified the +4 halberd of Attainder {freeze, MR++}
 11560 | D:7      | Killed Pikel
 11560 | D:7      | Reached XP level 9. HP: 24/34 MP: 1/16
 11762 | D:7      | Reached skill level 1 in Invocations
 11858 | D:7      | Reached skill level 1 in Fighting
 12283 | D:7      | Found a snail-covered altar of Cheibriados.
 12559 | D:8      | Reached * piety under Sif Muna
 12734 | D:8      | Noticed Prince Ribbit
 12889 | D:8      | Killed Prince Ribbit
 13481 | D:8      | Reached XP level 10. HP: 40/40 MP: 5/17
 13626 | D:8      | Noticed Harold
 14075 | D:8      | Killed Harold
 14075 | D:8      | Reached skill level 10 in Hexes
 14362 | D:8      | Noticed Erica
 14467 | D:8      | Killed Erica
 14467 | D:8      | Reached skill level 10 in Translocations
 14467 | D:8      | Reached skill level 5 in Invocations
 14768 | D:8      | Found a glowing golden altar of the Shining One.
 14815 | D:8      | Found a burning altar of Makhleb.
 14963 | D:9      | Found Ogilei's Assorted Antiques.
 15052 | D:9      | Bought a box of beasts for 480 gold pieces
 15324 | D:9      | Found a hazy altar of Hepliaklqana.
 15475 | D:9      | Found Ohued's Antique Armour Boutique.
 15616 | D:9      | Reached skill level 1 in Evocations
 15652 | D:9      | Found a blossoming altar of Fedhas.
 15798 | D:9      | Reached ** piety under Sif Muna
 16007 | D:9      | Noticed a two-headed ogre
 16027 | D:9      | Killed a two-headed ogre
 16340 | D:9      | Noticed a moth of wrath
 16342 | D:9      | Found a transporter.
 16343 | D:9      | Noticed HiStorm4nn's ghost (novice OpAs)
 16393 | D:9      | Noticed a wolf spider
 16508 | D:9      | Found Zijeyg's General Store.
 16516 | D:9      | Bought a scroll of identify for 28 gold pieces
 16522 | D:9      | Found a transporter.
 16577 | D:9      | Found an opulent altar of Gozag.
 16923 | D:10     | Entered Level 10 of the Dungeon
 16923 | D:10     | Found Ythryegor's Magic Scroll Shoppe.
 17034 | D:10     | Found Gokkec's Weapon Boutique.
 17307 | D:10     | Reached XP level 11. HP: 23/46 MP: 13/18
 17764 | D:9      | Reached *** piety under Sif Muna
 18140 | D:10     | Noticed a green ugly thing
 18173 | D:10     | Killed a green ugly thing
 18391 | D:10     | Found a snail-covered altar of Cheibriados.
 18991 | D:10     | Reached skill level 5 in Evocations
 19202 | D:10     | Found a staircase to the Lair.
 19249 | D:10     | Found Caugoor's Distillery.
 19771 | D:11     | Noticed a two-headed ogre
 19779 | D:11     | Killed a two-headed ogre
 19779 | D:11     | Reached skill level 5 in Fighting
 21044 | D:11     | Reached **** piety under Sif Muna
 22149 | D:11     | Noticed an eight-headed hydra
 22149 | D:11     | Noticed a two-headed ogre
 22149 | D:11     | Noticed an unseen horror
 22153 | D:11     | Noticed a fire giant
 22208 | D:11     | Noticed a red ugly thing
 22249 | D:11     | Found a runed translucent door.
 22387 | D:10     | Bought 2 potions of heal wounds for 110 gold pieces
 22484 | Lair:1   | Entered Level 1 of the Lair of Beasts
 22980 | Lair:1   | Gained mutation: Your thick and shaggy fur keeps you warm.
                  | (AC +3, rC+) [Felid growth]
 22980 | Lair:1   | Reached XP level 12. HP: 34/52 MP: 3/19
 23108 | Lair:1   | Slain by a blink frog
 23109 | Lair:1   | Reached XP level 11. HP: 0/48 MP: 15/18
 24293 | Lair:2   | Found a staircase to the Shoals.
 25865 | Lair:2   | Found a staircase to the Snake Pit.
 26859 | Lair:3   | Noticed a seven-headed hydra
 27590 | Lair:3   | Reached XP level 12. HP: 54/54 MP: 11/19
 28514 | Shoals:1 | Entered Level 1 of the Shoals
 28521 | Shoals:1 | Noticed a merfolk avatar
 28748 | Snake:1  | Entered Level 1 of the Snake Pit
 30491 | Lair:5   | You fall into a shaft and drop 1 floor!
 30491 | Lair:6   | Entered Level 6 of the Lair of Beasts
 30631 | Lair:6   | Reached skill level 10 in Dodging
 31014 | Lair:6   | Noticed a five-headed hydra
 31510 | Lair:6   | Reached skill level 10 in Conjurations
 31829 | Lair:6   | Noticed a seven-headed hydra
 31886 | Lair:6   | Killed a seven-headed hydra
 31893 | Lair:6   | Killed a five-headed hydra
 32993 | Lair:6   | Reached XP level 13. HP: 20/58 MP: 3/21
 34055 | Lair:6   | Noticed a dire elephant
 34055 | Lair:6   | Noticed a dire elephant
 34070 | Lair:6   | Noticed a dire elephant
 34084 | Lair:6   | Noticed a dire elephant
 34090 | Lair:6   | Noticed a dire elephant
 34390 | Lair:6   | Killed a dire elephant
 34582 | Lair:6   | Noticed a dire elephant
 34665 | Lair:5   | Noticed Kirke
 35672 | Lair:5   | Noticed Snorg
 36600 | Lair:5   | Killed Kirke
 36643 | Lair:5   | Reached skill level 10 in Evocations
 37042 | Lair:5   | Found a staircase to the Slime Pits.
 37042 | Lair:5   | Found a viscous altar of Jiyva.
 37059 | Lair:5   | Killed Snorg
 38021 | Lair:5   | Reached ***** piety under Sif Muna
 39024 | D:9      | Killed HiStorm4nn's ghost
 39024 | D:9      | Identified Sif Muna's Volume of Beguiling (Sif Muna gifted
                  | it to you on level 9 of the Dungeon)
 39024 | D:9      | Received a gift from Sif Muna
 39264 | D:9      | Identified Kaxuoraz's Catalogue of Icy Poison
 39273 | D:9      | Learned a level 4 spell: Leda's Liquefaction
 39421 | D:11     | Learned a level 2 spell: Ensorcelled Hibernation
 39547 | D:11     | Slain by an eight-headed hydra
 39548 | D:11     | Reached XP level 12. HP: 0/57 MP: 15/20
 39575 | D:11     | Killed a two-headed ogre
 39619 | D:11     | Slain by a red ugly thing
 39620 | D:11     | Reached XP level 11. HP: -3/53 MP: 1/19
 39664 | D:11     | Killed a red ugly thing
 40369 | D:11     | Killed an eight-headed hydra
 40369 | D:11     | Reached skill level 1 in Earth Magic
 40372 | D:11     | Killed an unseen horror
 40420 | D:11     | Identified Sif Muna's Guide on Helpful Summoning
 40436 | D:11     | Got a transparent steel ring
 40441 | D:11     | Identified the ring of Damysche {+Fly rF+ MR+ Dex+5} (You
                  | found it on level 11 of the Dungeon)
 40465 | D:11     | Reached XP level 12. HP: 31/57 MP: 13/20
 40946 | D:12     | Reached skill level 10 in Invocations
 41891 | D:12     | Found a runed translucent door.
 41892 | D:12     | Found a shimmering altar of Xom.
 41892 | D:12     | Noticed gruber's ghost (journeyman VSFi)
 43153 | D:12     | Found a staircase to the Orcish Mines.
 43295 | Orc:1    | Entered Level 1 of the Orcish Mines
 43542 | Orc:1    | Reached skill level 5 in Spellcasting
 44031 | Orc:2    | Entered Level 2 of the Orcish Mines
 44289 | Orc:2    | Noticed a two-headed ogre
 44297 | Orc:2    | Killed a two-headed ogre
 44750 | Orc:2    | Noticed an orc high priest
 44767 | Orc:2    | Killed an orc high priest
 45533 | Orc:2    | Found a staircase to the Elven Halls.
 46139 | Orc:2    | Found Rezosy's Book Emporium.
 46146 | Orc:2    | Bought a book of Burglary for 975 gold pieces
 46159 | Orc:2    | Found a radiant altar of Vehumet.
 46160 | Orc:2    | Noticed an ogre mage
 46160 | Orc:2    | Noticed an ogre mage
 46201 | Orc:2    | Identified Lantu's Disquisition on Mutagenic Flames (Sif
                  | Muna gifted it to you on level 2 of the Orcish Mines)
 46201 | Orc:2    | Received a gift from Sif Muna
 46401 | Orc:2    | Killed an ogre mage
 46401 | Orc:2    | Reached XP level 13. HP: 54/60 MP: 2/22
 46536 | Orc:2    | Noticed Donald
 46563 | Orc:2    | Killed Donald
 46743 | Orc:2    | Noticed Nergalle
 46764 | Orc:2    | Killed Nergalle
 46877 | Orc:2    | Found an ancient bone altar of Kikubaaqudgha.
 47369 | Orc:2    | Found a roughly hewn altar of Beogh.
 47369 | Orc:2    | Found Zuic's Book Shoppe.
 47380 | Orc:2    | Reached skill level 5 in Earth Magic
 47529 | Orc:2    | Found Imuinourch's Antique Armour Emporium.
 47633 | Orc:2    | Found Qeyj's Magic Scroll Shoppe.
 47844 | Orc:1    | Noticed Jorgrun
 47845 | Orc:1    | Noticed Maurice
 47991 | Orc:1    | Killed Jorgrun
 47995 | Orc:1    | Killed Maurice
 48330 | D:12     | Learned a level 5 spell: Lee's Rapid Deconstruction
 48398 | D:12     | Killed gruber's ghost
 50483 | D:13     | Gained mutation: Your magical capacity is low. (-10% MP)
                  | [potion of mutation]
 50483 | D:13     | Gained mutation: Your spells are a little harder to cast,
                  | but a little more powerful. [potion of mutation]
 50484 | D:13     | Lost mutation: Your spells are a little harder to cast, but
                  | a little more powerful. [potion of mutation]
 50484 | D:13     | Lost mutation: Your magical capacity is low. (-10% MP)
                  | [potion of mutation]
 50484 | D:13     | Gained mutation: You have a pair of small antennae on your
                  | head. [potion of mutation]
 50484 | D:13     | Gained mutation: You are resistant to electric shocks.
                  | (rElec) [potion of mutation]
 50490 | D:13     | Learned a level 3 spell: Summon Guardian Golem
 50515 | D:13     | Upgraded the game from 0.25-b1-46-gb8a1ec05df to
                  | 0.25-b1-50-g7b83aa72e5
 50546 | D:14     | Found Noficzao's Distillery.
 51070 | D:14     | Found Odaenad's Book Boutique.
 51770 | D:14     | HP: 3/60 [catoblepas (5)]
 51771 | D:14     | Mangled by a catoblepas

Illustrated notes

Levels and vault maps discovered:
D:1:      dpeg_arrival_central, layout_basic
D:2:      kennysheep_big_flooded_room, layout_basic, first_ration
D:3:      layout_basic, chequers_ecumenical_altar_island, dk_yredelemnul_ordeal
D:4:      minmay_angry_zag, layout_loops_ring, minmay_goblin_kobold_house
D:5:      layout_gridville, old_standard_altar, uniq_ijyb
D:6:      kennysheep_orc_sif_temple, layout_basic, marbit_many_paths,
          uniq_sigmund
D:7:      layout_basic, old_standard_altar,
          chequers_temple_overflow_statue_of_worship, minmay_temple_entry_grid,
          grunt_livestock, minmay_circle_x, uniq_pikel
D:8:      layout_cave_pools, lemuel_doored_altar, makhleb_grotto_becter,
          chequers_ossuary_entry_cave, uniq_erica, uniq_prince_ribbit1,
          uniq_harold
D:9:      layout_loops_cross, lemuel_coloured_pillars_altar, old_standard_altar,
          fedhas_altar_fruit_tree, gammafunk_ghost_berserking_beasts,
          serial_shops, nicolae_shop_trees, nicolae_shop_stone,
          kennysheep_mini_moat
D:10:     layout_basic, minmay_lair_entry_grove, basic_altar, serial_shops,
          shop, shop, kennysheep_mini
D:11:     layout_basic, special_room [special_room_bee], gauntlet_entry_generic,
          minmay_st_funbox
D:12:     layout_basic, hiddenorc1_lemuel, ebering_ghost_xom
D:13:     layout_irregular_city
D:14:     layout_gridville, ximxim_vaults_locker_room, dk_noncrumbling_2,
          serial_shops, shop, shop, okawaru_ov_weapons_minmay
Lair:1:   layout_chaotic_city
Lair:2:   layout_roguey, minmay_shoals_entry_lonely_mermaid,
          guppyfry_snake_entry_garden, beast_lair_carwin_6
Lair:3:   layout_regular_city, lemuel_fruit_fields
Lair:4:   layout_loops_ring
Lair:5:   layout_gridlike, slime_altar_1, lightli_volcano_entry_magma_tube,
          lemuel_another_geyser, grunt_megastairs_5, uniq_snorg, uniq_kirke
Lair:6:   due_jungle_book, layout_regular_city, patterned_corridor
Shoals:1: layout_shoals, serial_shops, nicolae_shop_behind_doors
Snake:1:  layout_basic, minmay_shop_mass, lemuel_fruit_tree
Orc:1:    layout_caves, uniq_jorgrun, uniq_maurice
Orc:2:    kennysheep_orc_mage_school, layout_diamond_mine, uniq_donald

Skill      XL: |  1  2  3  4  5  6  7  8  9 10 11 12 13 |
---------------+----------------------------------------+-----
Conjurations   | 4 5 6 8 9 10 | 10.0
Hexes          | 1 2 4 5 7 9 10 12 13 14 | 14.8
Dodging        | 3 4 7 8 9 10 11 | 11.0
Stealth        | 3 5 7 |  7.0
Translocations | 2 8 9 10 12 13 14 | 14.0
Spellcasting   | 4 5 7 |  7.0
Invocations    | 3 5 8 10 9 | 10.0
Fighting       | 2 4 7 8 9 |  9.0
Evocations     | 3 8 9 10 | 10.0
Earth Magic    | 1 4 6 |  6.0
Summonings     | |  0.4

Action                   |  1- 3 |  4- 6 |  7- 9 | 10-12 | 13-15 || total
-------------------------+-------+-------+-------+-------+-------++-------
Melee: Unarmed           |     1 |     9 |    18 |   111 |   169 ||   308
       Bite              |       |       |       |     4 |    27 ||    31
 Cast: Magic Dart        |    50 |    99 |   195 |   529 |   131 ||  1004
       Searing Ray       |     8 |    22 |    58 |   268 |    81 ||   437
       Dazzling Flash    |       |     2 |    15 |    15 |     3 ||    35
       Iskenderun's Myst |       |       |    26 |   120 |    68 ||   214
       Fulminant Prism   |       |       |    11 |   135 |    96 ||   242
       Ensorcelled Hiber |       |       |       |    11 |     4 ||    15
       Leda's Liquefacti |       |       |       |     2 |     1 ||     3
       Lee's Rapid Decon |       |       |       |       |    12 ||    12
       Summon Guardian G |       |       |       |       |     1 ||     1
Invok: Channel Magic     |       |       |       |     9 |     7 ||    16
 Abil: Evoke Flight      |       |       |       |       |     1 ||     1
Evoke: Wand              |       |       |       |    12 |    26 ||    38
       Box of beasts     |       |       |       |     4 |     2 ||     6
  Use: Scroll            |       |     9 |     9 |    15 |     6 ||    39
       Potion            |       |       |     1 |    11 |     8 ||    20
  Eat: Chunk             |    10 |    10 |    24 |    99 |    43 ||   186
       Ration            |       |       |     3 |     4 |       ||     7
Armor: Skin              |       |     3 |    21 |    49 |     8 ||    81
Dodge: Dodged            |     1 |    31 |   267 |   667 |   200 ||  1166
